 Dungeon Crawl Stone Soup version 0.20.1-1-g8b1a95d (webtiles) character file.

111 renl the Digger (level 4, -1/33 HPs)
             Began as a Draconian Earth Elementalist on July 16, 2017.
             Killed from afar by an orc wizard (7 damage)
             ... with a magic dart
             ... on level 4 of the Dungeon.
             The game lasted 00:10:03 (2220 turns).

renl the Digger (Draconian Earth Elementalist)      Turns: 2220, Time: 00:10:03

Health: -1/33      AC:  5    Str: 11    XL:     4   Next: 62%
Magic:  3/8        EV: 12    Int: 16    God:
Gold:   126        SH:  0    Dex: 11    Spells: 5/8 levels left

rFire    . . .     SeeInvis .   v - +0 lajatang
rCold    . . .     Gourm    +   (shield currently unavailable)
rNeg     . . .     Faith    .   (armour unavailable)
rPois    +         Spirit   .   (helmet restricted)
rElec    .         Reflect  .   (no cloak)
rCorr    .         Harm     .   (no gloves)
MR       .....                  (no boots)
Stlth    ++........             n - amulet of the gourmand
Regen    0.2/turn               l - ring of poison resistance
MPRegen  0.2/turn               (no ring)

@: very slightly contaminated
A: unfitting armour, cold-blooded, AC +5
a: no special abilities


You were on level 4 of the Dungeon.
You were full.

You visited 1 branch of the dungeon, and saw 4 of its levels.

You collected 126 gold pieces.

Inventory:

Hand Weapons
 v - a +0 lajatang (weapon)
Missiles
 b - 89 stones
 i - 5 tomahawks (quivered)
Jewellery
 l - a ring of poison resistance (left hand)
 n - an amulet of the gourmand (around neck)
Scrolls
 a - 2 scrolls of immolation {unknown}
 g - 5 scrolls of identify {unknown}
 j - 2 scrolls of remove curse {unknown}
 k - a scroll of blinking {unknown}
 p - a scroll of amnesia {unknown}
 t - a scroll of fog {unknown}
Potions
 e - a potion of resistance {unknown}
 f - 2 potions of curing {unknown}
 m - a potion of berserk rage {unknown}
 r - 2 potions of cancellation {unknown}
 s - a potion of heal wounds {unknown}
 u - a potion of flight {unknown}
Books
 d - a book of Geomancy

   Spells                             Type                      Level
   a - Sandblast                      Earth                        1
   b - Passwall                       Transmutation/Earth          2
   c - Stone Arrow                    Conjuration/Earth            3
   d - Petrify                        Transmutation/Earth          4
   e - Lee's Rapid Deconstruction     Earth                        5
Comestibles
 c - 7 bread rations
 h - a meat ration
 o - 2 fruits


   Skills:
 - Level 1.7 Dodging
 - Level 1.7 Stealth
 + Level 2.9 Spellcasting
 + Level 1.0 Transmutations
 * Level 4.9 Earth Magic


You had 5 spell levels left.
You knew the following spells:

 Your Spells              Type           Power        Failure   Level  Hunger
a - Sandblast             Erth           ###...       2%          1    #......
b - Passwall              Tmut/Erth      ##........   9%          2    ##.....


Dungeon Overview and Level Annotations

Branches:
Dungeon (4/15)
 Temple: D:4-7

Altars:
Ashenzari
Cheibriados
Hepliaklqana
Ru
Xom
Yredelemnul


Innate Abilities, Weirdness & Mutations

Your plain brown scales are hard. (AC +5)
You cannot fit into any form of body armour.
You are cold-blooded and may be slowed by cold attacks.


Message History

Press: ? - help, Shift-Dir - straight line, f/p - orc priest
Aim: an orc priest, wielding a club and wearing a leather armour You miscast Sandblast.
You are very lightly contaminated with residual magic.
Nothing appears to happen.
Something hits you.
The orc priest calls down the wrath of Beogh upon you.
Beogh smites you! Something hits you.
* * * LOW HITPOINT WARNING * * *
Casting: Sandblast
Confirm with . or Enter, or press ? or * to list all spells.
Aiming: Sandblast
Press: ? - help, Shift-Dir - straight line, f/p - orc priest
Aim: an orc priest, wielding a club and wearing a leather armour The blast of sand hits something.
b - 89 stones Something hits you.
* * * LOW HITPOINT WARNING * * *
A magic dart appears from out of thin air!
The magic dart hits you!
You die...

.#######.......#.#
.#.......###.#.#.#
.#.......# #.#.#.#
.#.......# #.#.#.#
.###########.#.#.#### .#
#.#...#.#.#.. .#
#.......#... .####
##......#.##
.##.######......@#
..............o..#
......###.....{### .#
#.#.#.##..#..#h.###...#.
......##.##.##..o[?....#
#.#.#.##. #.......##...#
......#.. #..#.#..# #
#.#.#...##........#
.......# #.#.#.#.##


You could see a hound and an orc priest.

Vanquished Creatures
  An orc priest (D:4)
  A gnoll (D:2)
  2 adders
  An ooze (D:3)
  A worm (D:2)
  A dart slug (D:1)
  5 orcs
  2 giant cockroaches (D:1)
  5 goblins
  3 hobgoblins
  A quokka (D:2)
  8 bats
  2 frilled lizards
  6 kobolds
  6 rats
45 creatures vanquished.

Notes
Turn   | Place    | Note
-------+----------+-------------------------------------------
     0 | D:1      | renl the Draconian Earth Elementalist began the quest for the Orb.
     0 | D:1      | Reached XP level 1. HP: 14/14 MP: 3/3
   171 | D:1      | Reached XP level 2. HP: 6/20 MP: 5/5
   183 | D:1      | Learned a level 2 spell: Passwall
  1059 | D:2      | Reached XP level 3. HP: 21/26 MP: 2/6
  1164 | D:2      | Found a hazy altar of Hepliaklqana.
  1165 | D:2      | Found a shimmering altar of Xom.
  1165 | D:2      | Noticed a wyvern
  1166 | D:2      | Noticed a spectral ugly thing
  1166 | D:2      | Noticed a wyvern
  1245 | D:2      | Reached skill level 4 in Earth Magic
  1419 | D:2      | Found a basalt altar of Yredelemnul.
  1828 | D:3      | Found a snail-covered altar of Cheibriados.
  1829 | D:3      | Found a sacrificial altar of Ru.
  1995 | D:3      | Found a shattered altar of Ashenzari.
  2015 | D:3      | Reached XP level 4. HP: 24/33 MP: 8/8
  2147 | D:3      | You fall through a shaft!
  2220 | D:4      | Killed from afar by an orc wizard

Skill      XL: |  1  2  3 |
---------------+----------+-----
Earth Magic    | 4 |  4.9
Dodging        | |  1.7
Stealth        | |  1.7
Spellcasting   | |  2.9
Transmutations | |  1.0

Action                   |  1- 3 |  4- 6 || total
-------------------------+-------+-------++-------
Melee: Unarmed           |    82 |       ||    82
       Tailslap          |    17 |     1 ||    18
       Whip              |    83 |       ||    83
       Rapier            |     8 |       ||     8
       Lajatang          |       |    18 ||    18
Throw: Tomahawk          |    18 |     2 ||    20
 Cast: Sandblast         |    11 |     5 ||    16
 Stab: Sleeping          |     3 |       ||     3
  Eat: Chunk             |     8 |     6 ||    14
Armor: Skin              |    90 |     4 ||    94
Dodge: Dodged            |   147 |    14 ||   161
